 Dungeon Crawl Stone Soup version 0.31-a0-986-g5e6e4ef867 (webtiles) character file.

Game seed: 11827580536743731991

317 croobank the Covert (level 6, -1/43 HPs)
             Began as an Octopode Delver on Nov 6, 2023.
             Slain by an ogre
             ... wielding a +0 giant club
              (23 damage)
             ... on level 4 of the Dungeon.
             The game lasted 00:09:25 (3194 turns).

croobank the Covert (Octopode Delver)               Turns: 3194, Time: 00:09:26

Health: -1/43      AC:  1    Str: 12    XL:     6   Next: 45%
Magic:  6/6        EV: 14    Int: 14    God:
Gold:   130        SH:  0    Dex: 13    Spells: 5/5 levels left

rFire   . . .        y - +4 quarterstaff (chaos)
rCold   . . .        (shield currently unavailable)
rNeg    . . .        (helmet currently unavailable)
rPois   .            (no amulet)
rElec   .            (no ring)
rCorr   .            (no ring)
SInv    .            (no ring)
Will    .....        (no ring)
Stlth   +++++        (no ring)
HPRegen 0.27/turn    (no ring)
MPRegen 0.10/turn    (no ring)
                     (no ring)

%: no passive effects
@: beast-form
A: beast (slay +0), almost no armour, amphibious, 8 rings, camouflage 1,
gelatinous body 1, (nimble swimmer 1), tentacles
a: Begin Untransformation


You were on level 4 of the Dungeon.
You were a hulking beast.
You visited 1 branch of the dungeon, and saw 6 of its levels.

You collected 130 gold pieces.

Inventory:

Hand Weapons
 a - a +0 short sword
 c - a +2 dagger of freezing
 i - a +0 hand axe
 j - a +0 trident
 m - a +0 war axe
 u - a +0 long sword
 x - a +2 dagger of flaming
 y - a +4 quarterstaff of chaos (weapon)
 z - a +3 short sword of protection
 D - a +4 whip
Missiles
 h - 6 poisoned darts (quivered)
 k - 2 javelins
 q - 3 boomerangs
Talismans
 d - a beast talisman (active)
Wands
 f - a wand of digging (3)
Scrolls
 b - a scroll of fog
 t - 2 scrolls of revelation
 v - a scroll of teleportation
Potions
 e - a potion of ambrosia
 g - 2 potions of lignification
 l - 3 potions of curing
 n - 3 potions of degeneration {unknown}
 o - 2 potions of mutation {unknown}
 p - a potion of invisibility {unknown}
 r - a potion of haste
 s - a potion of attraction {unknown}
 A - a potion of cancellation {unknown}
 C - a potion of berserk rage {unknown}


   Skills:
 + Level 4.3 Fighting
 + Level 3.5 Short Blades
 + Level 3.8 Dodging
 + Level 8.0 Stealth


You had 5 spell levels left.
You didn't know any spells.
Your spell library contained the following spells:

 Spells                   Type           Power      Damage    Failure   Level
 Dazzling Flash           Conj/Hex       0%         N/A       65%         3
 Volatile Blastmotes      Fire/Tloc      0%         2d10      65%         3
 Starburst                Conj/Fire      0%         6d3       100%        6
 Maxwell's Capacitive Co  Air            0%         ∞         100%        8


Dungeon Overview and Level Annotations

Branches:
Dungeon (6/15)             Temple (0/1) D:5

Altars:

Annotations:
D:6 Blork the orc


Innate Abilities, Weirdness & Mutations

You are a hulking beast.
Your limbs bulge with bestial killing power. (Slay +0)
You cannot wear most types of armour.
You are amphibious.
You can wear up to eight rings at the same time.
Your skin changes colour to match your surroundings (Stealth+).
Your rubbery body absorbs attacks. (AC +1, EV +1)
((You are camouflaged when in or above water. (Stealth+)))
You have tentacles for arms and can constrict up to eight enemies at once.


Message History

The phantom is heavily damaged.
The phantom hits you.
The phantom blinks!
You blink.
A quokka comes into view.
Found a scroll of teleportation and a leather armour.
You miss the phantom.
You squeeze the phantom, but do no damage.
The phantom is heavily damaged.
The phantom hits you but does no damage.
The phantom closely misses you.
You sock the phantom!
Space warps horribly around the phantom!!
You destroy the phantom!
Your Stealth skill increases to level 8!
The helpless hobgoblin fails to defend itself.
You sock the hobgoblin!
You kill the hobgoblin!
You barely miss the quokka. Your grab misses the quokka. The quokka bites you.
The quokka closely misses you.
You hit the quokka but do no damage. Your grab misses the quokka.
The quokka bites you.
You thump the quokka!
You kill the quokka!
No target in view!
Found an escape hatch in the floor.
v - a scroll of teleportation An ogre comes into view.
It is wielding a +0 giant club.
An ogre is nearby!
The ogre shouts!
You hit the ogre. You squeeze the ogre!
The ogre is heavily wounded.
The ogre closely misses you.
You hit the ogre.
The ogre goes berserk!
The ogre is heavily wounded.
The ogre hits you with a +0 giant club!!
You sock the ogre! You burn the ogre.
The ogre is almost dead.
The ogre closely misses you.
The ogre hits you with a +0 giant club!!
Ouch! That really hurt!
You die...

....# ...## ........##
...# #...[......# # ...#
##..........# .. ...#
#...........####...
...###..^.....>...#.....
.....#................#
....................#
.......)........hO.#
#.................##
#.................#
##................#
#....†...####.####
##.......# ##.#
#...<...# #.# ##......#
#.# #.....## ..#


You could see an ogre (berserk).

Vanquished Creatures
  A phantom (D:4)
  Crazy Yiuf (D:2)
  Jessica (D:2)
  An orc wizard (D:3)
  Robin (D:1)
  4 adders
  4 worms (D:2)
  4 dart slugs
  11 orcs
  10 ball pythons
  2 endoplasms (D:1)
  4 giant cockroaches
  11 goblins
  7 hobgoblins
  3 jackals (D:3)
  4 quokkas
  6 bats
  3 frilled lizards
  11 kobolds
  5 rats
94 creatures vanquished.

Notes
Turn   | Place    | Note
-------+----------+-------------------------------------------
     0 | D:5      | croobank the Octopode Delver began the quest for the Orb.
     0 | D:5      | Reached XP level 1. HP: 16/16 MP: 1/1
    27 | D:6      | Noticed Blork the orc
    65 | D:5      | Noticed a scorpion
    69 | D:5      | Noticed an orc priest
   174 | D:2      | Reached XP level 2. HP: 21/21 MP: 2/2
   188 | D:2      | Noticed Jessica
   345 | D:3      | Reached XP level 3. HP: 26/26 MP: 3/3
   463 | D:3      | Reached skill level 7 in Stealth
   918 | D:1      | Reached XP level 4. HP: 31/31 MP: 4/4
   950 | D:1      | Found a faded altar of an unknown god.
  1444 | D:2      | Noticed Robin
  1462 | D:1      | Killed Robin
  1730 | D:2      | Reached XP level 5. HP: 35/37 MP: 5/5
  1795 | D:2      | Killed Jessica
  1845 | D:2      | Found a runed translucent door.
  1846 | D:2      | Noticed Crazy Yiuf
  1853 | D:2      | Killed Crazy Yiuf
  2695 | D:3      | Reached XP level 6. HP: 27/43 MP: 6/6
  3119 | D:4      | Reached skill level 8 in Stealth
  3194 | D:4      | Slain by an ogre

Illustrated notes

Levels and vault maps discovered:
D:1:      elethiomel_arrival_infinity_welcomes_careful_drivers, layout_basic,
          ebering_ecumenical_altar_rust, minmay_pentomino_o4
D:2:      layout_rooms, minmay_ruptured, uniq_jessica, uniq_crazy_yiuf_cottage,
          uniq_robin
D:3:      layout_basic
D:4:      layout_cave_pods, serial_column_ruins, column_ruins_hut,
          column_ruins_columns_dead_end, column_ruins_columns_straight,
          column_ruins_grid_1, column_ruins_open_tiny
D:5:      layout_basic, temple_fountains, abandoned_shop
D:6:      lemuel_castle_with_subvaults [lemuel_castle_interior_carwin_2],
          layout_loops_cross, grunt_dithmenos_shadows, elyvilon_altar_5,
          uniq_pikel, uniq_duvessa, uniq_blork_the_orc

Skill      XL: |  1  2  3  4  5  6 |
---------------+-------------------+-----
Stealth        | 7 8 |  8.0
Dodging        | 3 |  3.8
Short Blades   | 3 |  3.5
Fighting       | 4 |  4.3

Action                     |  1- 3 |  4- 6 || total
---------------------------+-------+-------++-------
  Melee: Short sword       |    38 |    49 ||    87
         Constrict         |     9 |    30 ||    39
         Tentacles         |     4 |    22 ||    26
         Dagger            |       |    18 ||    18
         Quarterstaff      |       |    62 ||    62
         Punch             |       |     1 ||     1
    Use: Scroll            |     2 |     8 ||    10
         Potion            |     1 |       ||     1
   Stab: Sleeping          |    17 |    16 ||    33
         Fleeing           |     1 |       ||     1
         Distracted        |       |     1 ||     1
 Armour: Skin              |     5 |    50 ||    55
  Dodge: Dodged            |    14 |    90 ||   104
   Form: Beast             |     1 |       ||     1

Table legend: (Time is in decaauts)
 A = Elapsed time spent in this place.
 B = Non-inter-level travel time spent in this place.
 C = Inter-level travel time spent in this place.
 D = Time resting spent in this place.
 E = Time spent auto-exploring this place.
 F = Levels seen in this place.
 G = Mean time per level.
                   A        B        C        D        E       F      G
               +--------+--------+--------+--------+--------+-----+--------+
         Total |   3178 |   3056 |    122 |    419 |   1760 |   6 |  529.7 |
       Dungeon |   3178 |   3056 |    122 |    419 |   1760 |   6 |  529.7 |
               +--------+--------+--------+--------+--------+-----+--------+

Top non-repeatable levels by time:
     D:3: 1010 daAuts
     D:1: 980 daAuts
     D:2: 777 daAuts
     D:4: 281 daAuts
     D:5: 87 daAuts
     D:6: 41 daAuts
